 Dungeon Crawl Stone Soup version 0.31-a0-460-g9e667d4245 (webtiles) character file.

Game seed: 5637455248282244663

19 promet the Covered (level 2, -1/19 HPs)
             Began as a Tengu Fighter on Aug 4, 2023.
             Slain by a goblin
             ... wielding a +0 club
             ... led by Robin
              (2 damage)
             ... on level 2 of the Dungeon.
             The game lasted 00:03:48 (1479 turns).

promet the Covered (Tengu Fighter)                  Turns: 1479, Time: 00:03:49

Health: -1/19      AC:  6    Str: 16    XL:     2   Next: 75%
Magic:  3/3        EV:  8    Int:  8    God:
Gold:   30         SH:  4    Dex: 13    Spells: 1/1 levels left

rFire   . . .        a - +1 trident
rCold   . . .        c - +0 buckler
rNeg    . . .        e - +0 scale mail
rPois   .            (helmet restricted)
rElec   .            (no cloak)
rCorr   .            (no gloves)
SInv    .            (boots unavailable)
Will    .....        (no amulet) Stlth
                     (no ring)
HPRegen 0.23/turn    (no ring)
MPRegen 0.08/turn

%: no passive effects
@: no status effects
A: beak, talons 3
a: no special abilities


You were on level 2 of the Dungeon.
You visited 1 branch of the dungeon, and saw 2 of its levels.

You collected 30 gold pieces.

Inventory:

Hand Weapons
 a - a +1 trident (weapon)
 b - a +0 short sword
Armour
 c - a +0 buckler (worn)
 e - a +0 scale mail (worn)
Talismans
 f - a granite talisman
Potions
 d - a potion of might
 i - a potion of haste


   Skills:
 * Level 3.4 Fighting
 + Level 2.5 Polearms
 + Level 3.5 Armour
 + Level 3.1 Shields


You had one spell level left.
You didn't know any spells.
Your spell library was empty.

Dungeon Overview and Level Annotations

Branches:
Dungeon (2/15)

Altars:

Annotations:
D:2 Robin


Innate Abilities, Weirdness & Mutations

You have a beak for a mouth.
You have claws for feet.


Message History

Robin says, "Feeling lonely?"
Robin laughs in a distinctly smug fashion.
The goblin attacks as you move away! The goblin barely misses you.
The goblin attacks as you move away! The goblin barely misses you.
You closely miss the goblin. You peck the goblin.
The goblin is heavily wounded.
You miss the goblin.
The goblin is heavily wounded.
Robin hits you from afar with a +0 spear.
The goblin hits you with a +0 dagger. Robin hits you but does no damage.
The goblin hits you with a +0 dagger.
The hobgoblin no longer looks unusually strong.
The goblin attacks as you move away! You block the goblin's attack.
Robin says, "My army is invincible!"
Robin roars a battlecry!
A goblin comes into view. It is wielding a +0 dagger.
The goblin shouts!
You hear a shout! x2
The goblin no longer looks unusually strong.
You hear a shout!
A goblin comes into view. It is wielding a +0 club.
The goblin shouts!
The goblin attacks as you move away! The goblin closely misses you.
A goblin comes into view. It is wielding a +0 dagger.
Robin roars a battlecry!
The goblins go into a battle-frenzy!
The goblin hits you with a +0 dagger.
You hear a shout!
The goblin shouts!
The goblin hits you with a +0 club. The goblin hits you with a +0 dagger.
* * * LOW HITPOINT WARNING * * *
The goblin closely misses you.
A goblin comes into view. It is wielding a +0 dagger.
The goblin shouts! x2
The goblin closely misses you. The goblin barely misses you.
The goblin attacks as you move away! The goblin closely misses you. x2
The goblin hits you with a +0 club.
* * * LOW HITPOINT WARNING * * *
The goblin attacks as you move away! The goblin hits you but does no damage.
The goblin hits you with a +0 club.
You die...

####
...#######################
.........................
..#.###...#.####### #..#
#...).........g..####..##
....###...#.###.g.g..<..#
###....#.##.# #.g####...#
#......##.# #gg# ##...###
####.##...# #g@# #....g.#
#.##.### #.<# #..###.#
#†##g# #.g# #..# .# #.##.#
#.g# #..# .# #.##.# #..#
#..# g# #.##.# #..# #.. gg
#.##.# #..# g. #.##.# #>..
## #.##)# #.##


You could see Robin and 7 goblins.

Vanquished Creatures
  A dart slug (D:1)
  A ball python (D:1)
  4 endoplasms
  2 giant cockroaches
  2 goblins (D:2)
  A hobgoblin (D:1)
  A bat (D:1)
  A frilled lizard (D:1)
  2 rats (D:1)
15 creatures vanquished.

Notes
Turn   | Place    | Note
-------+----------+-------------------------------------------
     0 | D:1      | promet the Tengu Fighter began the quest for the Orb.
     0 | D:1      | Reached XP level 1. HP: 14/14 MP: 2/2
   236 | D:1      | Reached XP level 2. HP: 14/19 MP: 3/3
  1123 | D:2      | Noticed Robin
  1479 | D:2      | Slain by a goblin

Illustrated notes

Levels and vault maps discovered:
D:1:      saegor_arrival_simple_d, layout_basic
D:2:      layout_loops_ring, basic_ecumenical_altar, dk_noncrumbling_3,
          uniq_robin

Action                     || total
---------------------------++-------
  Melee: Trident           ||    27
         Peck              ||     3
         Kick              ||     1
    Use: Scroll            ||     5
 Armour: Scale mail        ||    10
  Dodge: Dodged            ||    12
  Block: Buckler           ||     5

Table legend: (Time is in decaauts)
 A = Elapsed time spent in this place.
 B = Non-inter-level travel time spent in this place.
 C = Inter-level travel time spent in this place.
 D = Time resting spent in this place.
 E = Time spent auto-exploring this place.
 F = Levels seen in this place.
 G = Mean time per level.
                   A        B        C        D        E       F      G
               +--------+--------+--------+--------+--------+-----+--------+
         Total |   1486 |   1445 |     41 |    339 |    779 |   2 |  743.0 |
       Dungeon |   1486 |   1445 |     41 |    339 |    779 |   2 |  743.0 |
               +--------+--------+--------+--------+--------+-----+--------+

Top non-repeatable levels by time:
     D:1: 1110 daAuts
     D:2: 375 daAuts
